[ PARTIDA AOE2 · #484458887 ]
1v1 RMTurcos vs Mongols
Equipo del jugador · DERR
Equipo rival · VICT
[ ANÁLISIS DE REPETICIÓN · EXTRAÍDO DE LA PARTIDA GRABADA ]
Feudal
10:58
Castillos
19:23
Imperial
34:47
| APM promedio | 34.0 |
| APM pico | 153 |
| eAPM promedio | 16.3 |
| Aldeanos / militares | 114 / 84 |
Foco
⚔️ 42.1% · 🌾 57.9%
Scout Cavalry ×39 · Galley ×33 · Fishing Ship ×6 · Trebuchet (Packed) ×5 · Cannon Galleon ×3 · Unknown (2626) ×3
Feudal
13:51
Castillos
18:47
Imperial
34:23
| APM promedio | 32.3 |
| APM pico | 98 |
| eAPM promedio | 11.5 |
| Aldeanos / militares | 86 / 77 |
Foco
⚔️ 31.8% · 🌾 68.2%
Mangudai ×71 · Fishing Ship ×25 · Trebuchet (Packed) ×4 · Spearman ×2
Mapa de la partida
Recursos iniciales + cada clic de construcción. Líneas = muros · curvas = relieve. ◆ oro · ⬟ piedra · ● bayas · ✦ reliquia · ◌ hueco del cierre
Tu base· Abierta — hueco de 4t
Base de rafael9530· Abierta — hueco de 7t
Terreno inicial suavizado · ◌ = hueco del cierre detectado · pasá el cursor para detalles
Inputs por minuto
— MIKEROOS - - rafael9530
Build order — MIKEROOS
Primeras 150 de 317 acciones detectadas
| 0:03 | Construir | House |
| 0:10 | Construir | House |
| 0:12 | Construir | House |
| 0:13 | Crear | Villager (Male) |
| 0:14 | Crear | Villager (Male) |
| 0:14 | Crear | Villager (Male) |
| 0:14 | Crear | Villager (Male) |
| 0:14 | Crear | Villager (Male) |
| 0:32 | Investigar | Loom |
| 0:32 | Crear | Villager (Male) |
| 0:32 | Crear | Villager (Male) |
| 0:33 | Crear | Villager (Male) |
| 0:33 | Crear | Villager (Male) |
| 0:33 | Crear | Villager (Male) |
| 2:13 | Crear | Villager (Male) |
| 2:13 | Crear | Villager (Male) |
| 2:32 | Crear | Villager (Male) |
| 2:33 | Crear | Villager (Male) |
| 3:24 | Crear | Villager (Male) |
| 3:24 | Crear | Villager (Male) |
| 3:25 | Crear | Villager (Male) |
| 3:25 | Crear | Villager (Male) |
| 4:09 | Crear | Villager (Male) |
| 4:10 | Crear | Villager (Male) |
| 4:10 | Crear | Villager (Male) |
| 4:10 | Crear | Villager (Male) |
| 5:11 | Construir | House |
| 5:22 | Crear | Villager (Male) |
| 5:23 | Crear | Villager (Male) |
| 5:51 | Construir | House |
| 6:19 | Crear | Villager (Male) |
| 6:43 | Crear | Villager (Male) |
| 6:43 | Crear | Villager (Male) |
| 6:44 | Crear | Villager (Male) |
| 7:04 | Construir | Lumber Camp |
| 8:24 | Construir | Mill |
| 8:48 | Investigar | Feudal Age |
| 8:48 | Investigar | Feudal Age |
| 9:11 | Construir | Barracks |
| 9:35 | Construir | Dock |
| 10:07 | Construir | Lumber Camp |
| 10:28 | Crear | Villager (Male) |
| 10:29 | Crear | Villager (Male) |
| 10:57 | Crear | Villager (Male) |
| 10:58 | Edad | Edad Feudal |
| 11:21 | Construir | Dock |
| 11:27 | Crear | Unit 2626 |
| 11:27 | Crear | Unit 2626 |
| 11:32 | Crear | Villager (Male) |
| 12:12 | Construir | Stable |
| 12:25 | Construir | House |
| 12:27 | Construir | House |
| 12:28 | Construir | House |
| 12:36 | Crear | Villager (Male) |
| 12:48 | Investigar | Double-Bit Axe |
| 12:48 | Investigar | Double-Bit Axe |
| 12:55 | Investigar | Horse Collar |
| 12:55 | Investigar | Horse Collar |
| 13:07 | Construir | House |
| 13:09 | Construir | House |
| 13:18 | Construir | House |
| 13:21 | Crear | Scout Cavalry |
| 13:21 | Crear | Scout Cavalry |
| 13:22 | Crear | Scout Cavalry |
| 13:22 | Crear | Scout Cavalry |
| 13:22 | Crear | Scout Cavalry |
| 13:29 | Crear | Villager (Male) |
| 13:30 | Crear | Villager (Male) |
| 13:49 | Crear | Unit 2626 |
| 14:15 | Construir | Market |
| 14:29 | Crear | Villager (Male) |
| 14:43 | Construir | Blacksmith |
| 14:58 | Crear | Villager (Male) |
| 15:27 | Crear | Villager (Male) |
| 15:35 | Construir | Farm |
| 15:36 | Construir | Farm |
| 15:36 | Construir | Farm |
| 16:34 | Construir | Farm |
| 16:34 | Construir | Farm |
| 16:34 | Construir | Farm |
| 16:43 | Investigar | Castle Age |
| 17:02 | Crear | Galley |
| 17:02 | Crear | Galley |
| 17:32 | Construir | Mining Camp |
| 17:40 | Construir | Farm |
| 17:53 | Crear | Scout Cavalry |
| 17:54 | Crear | Scout Cavalry |
| 18:04 | Crear | Galley |
| 18:04 | Crear | Galley |
| 18:16 | Crear | Fishing Ship |
| 18:22 | Crear | Fishing Ship |
| 18:26 | Crear | Fishing Ship |
| 18:31 | Crear | Scout Cavalry |
| 18:55 | Investigar | Scale Barding Armor |
| 18:58 | Investigar | Forging |
| 19:01 | Crear | Scout Cavalry |
| 19:01 | Crear | Scout Cavalry |
| 19:01 | Crear | Scout Cavalry |
| 19:20 | Crear | Fishing Ship |
| 19:23 | Edad | Edad de los Castillos |
| 19:29 | Crear | Fire Galley |
| 19:32 | Crear | Fishing Ship |
| 19:35 | Crear | Scout Cavalry |
| 19:35 | Crear | Scout Cavalry |
| 20:43 | Crear | Villager (Male) |
| 20:49 | Construir | Town Center |
| 21:10 | Investigar | War Galley (upgrade) |
| 21:17 | Crear | Fishing Ship |
| 21:23 | Crear | Villager (Male) |
| 21:23 | Crear | Villager (Male) |
| 21:41 | Investigar | Bloodlines |
| 24:02 | Crear | Galley |
| 24:02 | Crear | Galley |
| 24:03 | Crear | Galley |
| 24:03 | Crear | Galley |
| 24:03 | Crear | Galley |
| 24:04 | Crear | Galley |
| 24:04 | Crear | Galley |
| 25:50 | Crear | Villager (Male) |
| 25:50 | Crear | Villager (Male) |
| 25:50 | Crear | Villager (Male) |
| 25:53 | Investigar | Wheelbarrow |
| 25:58 | Crear | Villager (Male) |
| 25:58 | Crear | Villager (Male) |
| 25:58 | Crear | Villager (Male) |
| 25:59 | Crear | Villager (Male) |
| 25:59 | Crear | Villager (Male) |
| 26:02 | Investigar | Bow Saw |
| 26:16 | Construir | Castle |
| 26:21 | Crear | Scout Cavalry |
| 26:21 | Crear | Scout Cavalry |
| 26:21 | Crear | Scout Cavalry |
| 26:21 | Crear | Scout Cavalry |
| 26:21 | Crear | Scout Cavalry |
| 26:22 | Crear | Scout Cavalry |
| 26:22 | Crear | Scout Cavalry |
| 26:22 | Crear | Scout Cavalry |
| 26:22 | Crear | Scout Cavalry |
| 27:54 | Construir | Farm |
| 27:55 | Construir | Farm |
| 27:55 | Construir | Farm |
| 27:55 | Construir | Farm |
| 28:00 | Crear | Scout Cavalry |
| 28:00 | Crear | Scout Cavalry |
| 28:00 | Crear | Scout Cavalry |
| 28:01 | Crear | Scout Cavalry |
| 28:18 | Construir | House |
| 28:19 | Construir | House |
| 28:19 | Construir | House |
| 28:20 | Construir | House |
Build order — rafael9530
Primeras 150 de 247 acciones detectadas
| 0:03 | Construir | House |
| 0:04 | Construir | House |
| 0:06 | Crear | Villager (Male) |
| 0:06 | Crear | Villager (Male) |
| 0:07 | Crear | Villager (Male) |
| 0:07 | Crear | Villager (Male) |
| 0:07 | Crear | Villager (Male) |
| 2:05 | Crear | Villager (Male) |
| 2:05 | Crear | Villager (Male) |
| 2:38 | Crear | Villager (Male) |
| 2:38 | Crear | Villager (Male) |
| 3:08 | Crear | Villager (Male) |
| 3:17 | Construir | Lumber Camp |
| 3:43 | Crear | Villager (Male) |
| 3:43 | Crear | Villager (Male) |
| 4:01 | Crear | Villager (Male) |
| 4:01 | Crear | Villager (Male) |
| 4:04 | Construir | House |
| 4:05 | Construir | House |
| 4:31 | Crear | Villager (Male) |
| 5:02 | Crear | Villager (Male) |
| 5:23 | Crear | Villager (Male) |
| 5:24 | Crear | Villager (Male) |
| 5:44 | Construir | Dock |
| 5:55 | Crear | Villager (Male) |
| 5:55 | Crear | Villager (Male) |
| 6:35 | Crear | Villager (Male) |
| 6:35 | Crear | Villager (Male) |
| 6:52 | Construir | Dock |
| 7:24 | Crear | Villager (Male) |
| 7:25 | Crear | Villager (Male) |
| 7:30 | Crear | Fishing Ship |
| 7:30 | Crear | Fishing Ship |
| 7:31 | Crear | Fishing Ship |
| 7:48 | Construir | House |
| 8:01 | Crear | Fishing Ship |
| 8:12 | Crear | Villager (Male) |
| 8:13 | Crear | Villager (Male) |
| 8:37 | Crear | Villager (Male) |
| 8:37 | Crear | Villager (Male) |
| 8:41 | Crear | Fishing Ship |
| 8:42 | Crear | Fishing Ship |
| 8:42 | Crear | Fishing Ship |
| 9:10 | Crear | Villager (Male) |
| 9:10 | Crear | Villager (Male) |
| 9:11 | Crear | Villager (Male) |
| 9:17 | Crear | Fishing Ship |
| 9:17 | Crear | Fishing Ship |
| 9:17 | Crear | Fishing Ship |
| 9:43 | Construir | House |
| 9:47 | Crear | Villager (Male) |
| 9:47 | Crear | Villager (Male) |
| 9:48 | Crear | Villager (Male) |
| 10:02 | Crear | Fishing Ship |
| 10:03 | Crear | Fishing Ship |
| 10:03 | Crear | Fishing Ship |
| 10:13 | Investigar | Loom |
| 10:37 | Crear | Fishing Ship |
| 10:37 | Crear | Fishing Ship |
| 10:38 | Crear | Fishing Ship |
| 10:54 | Construir | House |
| 11:01 | Crear | Villager (Male) |
| 11:02 | Crear | Villager (Male) |
| 11:02 | Crear | Villager (Male) |
| 11:02 | Crear | Villager (Male) |
| 11:03 | Crear | Villager (Male) |
| 11:03 | Crear | Villager (Male) |
| 11:14 | Crear | Fishing Ship |
| 11:14 | Crear | Fishing Ship |
| 11:20 | Construir | House |
| 11:22 | Construir | House |
| 11:29 | Construir | Palisade Wall |
| 11:41 | Investigar | Feudal Age |
| 11:53 | Construir | House |
| 12:02 | Construir | Palisade Wall |
| 12:20 | Crear | Fishing Ship |
| 12:20 | Crear | Fishing Ship |
| 12:21 | Crear | Fishing Ship |
| 13:15 | Crear | Fishing Ship |
| 13:16 | Crear | Fishing Ship |
| 13:16 | Crear | Fishing Ship |
| 13:17 | Crear | Fishing Ship |
| 13:51 | Edad | Edad Feudal |
| 14:07 | Construir | Blacksmith |
| 14:15 | Crear | Villager (Male) |
| 14:26 | Crear | Villager (Male) |
| 14:49 | Construir | Mill |
| 14:51 | Construir | House |
| 15:00 | Crear | Villager (Male) |
| 15:15 | Construir | Market |
| 16:07 | Investigar | Castle Age |
| 17:15 | Construir | Barracks |
| 18:47 | Edad | Edad de los Castillos |
| 18:55 | Construir | Town Center |
| 18:59 | Investigar | Wheelbarrow |
| 19:36 | Construir | Stable |
| 19:40 | Construir | Stable |
| 20:02 | Crear | Villager (Male) |
| 20:03 | Crear | Villager (Male) |
| 20:03 | Crear | Villager (Male) |
| 20:03 | Crear | Villager (Male) |
| 20:03 | Crear | Villager (Male) |
| 20:04 | Crear | Villager (Male) |
| 20:04 | Crear | Villager (Male) |
| 20:04 | Crear | Villager (Male) |
| 20:04 | Crear | Villager (Male) |
| 20:04 | Crear | Villager (Male) |
| 20:05 | Crear | Villager (Male) |
| 20:05 | Crear | Villager (Male) |
| 20:05 | Crear | Villager (Male) |
| 20:05 | Crear | Villager (Male) |
| 20:06 | Crear | Villager (Male) |
| 20:06 | Crear | Villager (Male) |
| 20:06 | Crear | Villager (Male) |
| 20:07 | Crear | Villager (Male) |
| 20:07 | Crear | Villager (Male) |
| 20:07 | Crear | Villager (Male) |
| 20:07 | Crear | Villager (Male) |
| 20:08 | Crear | Villager (Male) |
| 20:08 | Crear | Villager (Male) |
| 20:08 | Crear | Villager (Male) |
| 20:08 | Crear | Villager (Male) |
| 20:09 | Crear | Villager (Male) |
| 20:09 | Crear | Villager (Male) |
| 20:09 | Crear | Villager (Male) |
| 20:10 | Crear | Villager (Male) |
| 20:10 | Crear | Villager (Male) |
| 20:19 | Construir | House |
| 20:20 | Construir | House |
| 20:31 | Construir | House |
| 20:32 | Construir | House |
| 20:33 | Construir | House |
| 20:33 | Construir | House |
| 20:34 | Construir | House |
| 20:58 | Construir | Town Center |
| 21:53 | Crear | Villager (Male) |
| 21:54 | Crear | Villager (Male) |
| 21:54 | Crear | Villager (Male) |
| 21:54 | Crear | Villager (Male) |
| 21:54 | Crear | Villager (Male) |
| 21:55 | Crear | Villager (Male) |
| 21:55 | Crear | Villager (Male) |
| 21:55 | Crear | Villager (Male) |
| 21:55 | Crear | Villager (Male) |
| 22:10 | Crear | Spearman |
| 22:10 | Crear | Spearman |
| 24:09 | Crear | Villager (Male) |
| 24:09 | Crear | Villager (Male) |
| 24:09 | Crear | Villager (Male) |
| 24:10 | Crear | Villager (Male) |
Cronología de la partida
| 5:44 | rafael9530 · first_building Dock |
| 9:11 | MIKEROOS · first_building Barracks |
| 9:35 | MIKEROOS · first_building Dock |
| 10:58 | MIKEROOS · age_up feudal |
| 11:29 | rafael9530 · wall_segment Palisade Wall x1 |
| 12:02 | rafael9530 · wall_segment Palisade Wall x7 |
| 12:12 | MIKEROOS · first_building Stable |
| 13:51 | rafael9530 · age_up feudal |
| 15:19 | MIKEROOS · first_market_buy 100 food |
| 15:21 | MIKEROOS · first_market_sell 100 wood |
| 17:15 | rafael9530 · first_building Barracks |
| 18:47 | rafael9530 · age_up castle |
| 19:23 | MIKEROOS · age_up castle |
| 19:36 | rafael9530 · first_building Stable |
| 26:16 | MIKEROOS · first_building Castle |
| 27:13 | rafael9530 · first_building Castle |
| 27:42 | rafael9530 · first_market_buy 100 food |
| 28:49 | MIKEROOS · wall_segment Palisade Wall x3 |
| 29:15 | MIKEROOS · first_building Monastery |
| 29:59 | rafael9530 · first_market_sell 100 stone |
| 34:23 | rafael9530 · age_up imperial |
| 34:47 | MIKEROOS · age_up imperial |
| 51:46 | MIKEROOS · resign |
[ ANÁLISIS IA · 1 CRÉDITO ]
¿Qué pasó realmente en esta partida?
Wolo.gg analiza cada decisión: build order, eco, micro, errores típicos por bracket. Análisis personalizado por WhatsApp o Discord en 30 segundos.
Guía civ
Turcos
Guía mapa
MegaRandom
Perfil
Jugador #14508300